[Event "ISR-chT 2019"]
[Site "Israel"]
[Date "2019.03.08"]
[Round "9.36"]
[White "Botvinnik, Mikhail"]
[Black "Gelfer, Israel"]
[Result "1-0"]
[ECO "E06"]
[WhiteElo "2368"]
[BlackElo "2323"]
[Annotator "NA RC"]
[PlyCount "75"]
[EventDate "2019.01.04"]
[EventType "team-tourn"]
[EventCountry "ISR"]
[SourceTitle "playchess.com"]
[Source "ChessBase"]
[SourceQuality "1"]
[TimeControl "40/5400+30:1800+30"]

1. d4 Nf6 2. c4 e6 3. g3 c5 4. Nf3 d5 5. cxd5 Nxd5 6. Bg2 Nc6 7. O-O Be7 8. e4 Nf6 9. e5 Nd5 10. dxc5 Bxc5 11. a3 a5 12. Qa4 O-O 13. Nbd2 Qc7 14. Re1 Rd8 15. Qh4 Nde7 16. Ne4 Nf5 17. Qh5 Bf8 18. Bg5 Rd5 19. Rac1 Qb6 20. g4 Nfd4 21. Bf6 Nxf3+ 22. Bxf3 h6 23. Ng5 g6 24. Qh4 Rd2 25. Bxc6 bxc6 26. Ne4 Rxb2 27. Bg5 f5 28. Bxh6 Bxh6 29. Qxh6 fxe4 30. Qxg6+ Kf8 31. Qf6+ Ke8 32. Rcd1 Ra7 33. Qh8+ Ke7 34. Qh4+ Ke8 35. Qh8+ Ke7 36. Re3 Rb1 37. Rh3 Rxd1+ 38. Kg2 1-0

[Event "ISR-chT 2019"]
[Site "Israel"]
[Date "2019.05.05"]
[Round "11.2"]
[White "Shvidler, Eliahu"]
[Black "Parkhov, Yair"]
[Result "1/2-1/2"]
[ECO "A04"]
[WhiteElo "2336"]
[BlackElo "2351"]
[Annotator "ChessBase"]
[PlyCount "36"]
[EventDate "2019.01.04"]
[EventType "team-tourn"]
[EventCountry "ISR"]
[SourceTitle "playchess.com"]
[Source "ChessBase"]
[SourceQuality "1"]
[TimeControl "40/5400+30:1800+30"]

1. Nf3 c5 2. g3 Nc6 3. d4 cxd4 4. Nxd4 g6 5. Bg2 Bg7 6. Nxc6 bxc6 7. O-O Rb8 8. Nd2 Nf6 9. Nb3 Qc7 10. Bd2 d6 11. Ba5 Qb7 12. Bc3 Qc7 13. Ba5 Qb7 14. Bc3 Qa6 15. e4 Bg4 16. Qd2 O-O 17. h3 Be6 18. Rfe1 c5 1/2-1/2

[Event "ISR-chT 2019"]
[Site "Israel"]
[Date "2019.05.05"]
[Round "11.9"]
[White "Shvayger, Yuliya"]
[Black "Givon, Asaf"]
[Result "0-1"]
[ECO "B27"]
[WhiteElo "2373"]
[BlackElo "2474"]
[Annotator "RC"]
[PlyCount "118"]
[EventDate "2019.01.04"]
[EventType "team-tourn"]
[EventCountry "ISR"]
[SourceTitle "playchess.com"]
[Source "ChessBase"]
[SourceQuality "1"]
[TimeControl "40/5400+30:1800+30"]

1. e4 c5 2. Nf3 g6 3. c3 Bg7 4. d4 cxd4 5. cxd4 d5 6. e5 Nc6 7. Bb5 Bg4 8. Nbd2 Qb6 9. Bxc6+ Qxc6 10. O-O Nh6 11. h3 Bd7 12. Nb1 O-O 13. Nc3 f6 14. Qb3 Be6 15. Re1 Nf7 16. exf6 exf6 17. Bf4 g5 18. Bh2 Rfc8 19. Re2 Qd7 20. Rae1 Rc6 21. Qa4 Nd8 22. Qb5 Bf8 23. a4 a6 24. Qb3 Rc4 25. Qb6 Rc6 26. Qb3 Rc4 27. Qb6 Rb4 28. Qc7 Qxc7 29. Bxc7 Bf7 30. a5 Nc6 31. Bb6 Rc8 32. Ra1 Nb8 33. Na4 Nd7 34. Ba7 Bg6 35. Nb6 Nxb6 36. Bxb6 Rc2 37. Rxc2 Bxc2 38. Nh2 Rxb2 39. Ng4 Kf7 40. Ne3 Ke6 41. Re1 Bd3 42. Nd1+ Re2 43. Rxe2+ Bxe2 44. Nc3 Bb5 45. Nxb5 axb5 46. Kf1 f5 47. g4 fxg4 48. hxg4 b4 49. Ke2 b3 50. Kd3 Bb4 51. Bd8 h6 52. f3 Kd7 53. Bf6 Kc6 54. Bg7 Kb5 55. Bxh6 Ka4 56. Bxg5 Ka3 57. Bc1+ Ka2 58. g5 Ba3 59. g6 Bxc1 0-1

[Event "ISR-chT 2019"]
[Site "Israel"]
[Date "2019.05.05"]
[Round "11.14"]
[White "Zanan, Evgeny"]
[Black "Shachar, Ehud"]
[Result "1-0"]
[ECO "A84"]
[WhiteElo "2505"]
[BlackElo "2363"]
[Annotator "RC"]
[PlyCount "41"]
[EventDate "2019.01.04"]
[EventType "team-tourn"]
[EventCountry "ISR"]
[SourceTitle "playchess.com"]
[Source "ChessBase"]
[SourceQuality "1"]
[TimeControl "40/5400+30:1800+30"]

1. d4 e6 2. Nf3 f5 3. Bf4 Nf6 4. e3 d5 5. c4 c6 6. Nc3 Bd6 7. Be2 O-O 8. O-O Ne4 9. Rc1 b6 10. Qb3 Bb7 11. Rfd1 Kh8 12. Nxe4 fxe4 13. Ne5 Bc7 14. Bg4 Bxe5 15. Bxe5 Qh4 16. Bxe6 Qxf2+ 17. Kh1 dxc4 18. Qxc4 Qxe3 19. Rc3 b5 20. Rxe3 bxc4 21. Rg3 1-0

[Event "ISR-chT 2019"]
[Site "Israel"]
[Date "2019.05.05"]
[Round "11.16"]
[White "Raznikov, Danny"]
[Black "Gershon, Alik"]
[Result "0-1"]
[ECO "D02"]
[WhiteElo "2506"]
[BlackElo "2452"]
[Annotator "RC"]
[PlyCount "114"]
[EventDate "2019.01.04"]
[EventType "team-tourn"]
[EventCountry "ISR"]
[SourceTitle "playchess.com"]
[Source "ChessBase"]
[SourceQuality "1"]
[TimeControl "40/5400+30:1800+30"]

1. d4 Nf6 2. Nf3 e6 3. Bf4 b6 4. e3 Bb7 5. Bd3 Be7 6. h3 O-O 7. Nbd2 d5 8. O-O Nbd7 9. a4 a5 10. Qe2 Ne4 11. Rfd1 Bd6 12. Bxe4 dxe4 13. Ng5 Bxf4 14. exf4 Nf6 15. c3 Qd5 16. Re1 Qf5 17. Qe3 h6 18. Ngxe4 Nd5 19. Qg3 Nxf4 20. Re3 g5 21. h4 f6 22. f3 Rf7 23. Nf2 Qc2 24. Nde4 Bxe4 25. Rxe4 Qxe4 26. Nxe4 Ne2+ 27. Kf2 Nxg3 28. Kxg3 gxh4+ 29. Kxh4 Rd8 30. Re1 Kf8 31. f4 f5 32. Nd2 Rg7 33. g3 Kf7 34. Nf3 Kf6 35. Re3 c5 36. Kh3 Rdg8 37. Ne5 cxd4 38. cxd4 Rd8 39. Rd3 Rc7 40. b3 Rb7 41. Nf3 Ke7 42. Ne5 Kd6 43. Nc4+ Kc6 44. Rc3 Kd5 45. Re3 Kxd4 46. Rxe6 Kc3 47. Nxb6 Kxb3 48. Rxh6 Rdb8 49. Nd5 Kxa4 50. g4 Kb3 51. Ra6 a4 52. g5 a3 53. Ne3 Rb4 54. g6 Ra4 55. Rd6 a2 56. Rd3+ Kb2 57. Rd2+ Kc3 0-1

[Event "ISR-chT 2019"]
[Site "Israel"]
[Date "2019.05.05"]
[Round "11.24"]
[White "Ganor, Dotan"]
[Black "Bitensky, Igor"]
[Result "1/2-1/2"]
[ECO "B07"]
[WhiteElo "2276"]
[BlackElo "2377"]
[Annotator "RC"]
[PlyCount "33"]
[EventDate "2019.01.04"]
[EventType "team-tourn"]
[EventCountry "ISR"]
[SourceTitle "playchess.com"]
[Source "ChessBase"]
[SourceQuality "1"]
[TimeControl "40/5400+30:1800+30"]

1. e4 g6 2. d4 Bg7 3. Nc3 d6 4. g3 Nf6 5. Bg2 O-O 6. Nge2 Nc6 7. O-O e5 8. dxe5 Nxe5 9. f4 Ned7 10. h3 Nc5 11. g4 Rb8 12. Be3 b6 13. Ng3 Bb7 14. Bd4 Ne6 15. Be3 Nc5 16. Bd4 Ne6 17. Be3 1/2-1/2

[Event "ISR-chT 2019"]
[Site "Israel"]
[Date "2019.05.05"]
[Round "11.28"]
[White "Bykhovsky, Avigdor"]
[Black "Bar, Roman"]
[Result "1/2-1/2"]
[ECO "E11"]
[WhiteElo "2408"]
[BlackElo "2497"]
[Annotator "RC"]
[PlyCount "39"]
[EventDate "2019.01.04"]
[EventType "team-tourn"]
[EventCountry "ISR"]
[SourceTitle "playchess.com"]
[Source "ChessBase"]
[SourceQuality "1"]
[TimeControl "40/5400+30:1800+30"]

1. d4 Nf6 2. c4 e6 3. Nf3 Bb4+ 4. Bd2 Qe7 5. Nc3 O-O 6. g3 d6 7. Bg2 e5 8. O-O Bxc3 9. Bxc3 e4 10. Ne1 d5 11. Nc2 Rd8 12. c5 Be6 13. b4 Qd7 14. a4 Nc6 15. Bd2 h6 16. Ra3 Ne7 17. f3 exf3 18. exf3 Ng6 19. Ne3 Re8 20. Rc3 1/2-1/2

[Event "ISR-chT 2019"]
[Site "Israel"]
[Date "2019.05.05"]
[Round "11.29"]
[White "Golod, Vitali"]
[Black "Mesropov, Konstantin"]
[Result "1/2-1/2"]
[ECO "E16"]
[WhiteElo "2503"]
[BlackElo "2413"]
[Annotator "RC"]
[PlyCount "32"]
[EventDate "2019.01.04"]
[EventType "team-tourn"]
[EventCountry "ISR"]
[SourceTitle "playchess.com"]
[Source "ChessBase"]
[SourceQuality "1"]
[TimeControl "40/5400+30:1800+30"]

1. d4 Nf6 2. c4 e6 3. Nf3 Bb4+ 4. Bd2 Qe7 5. g3 O-O 6. Nc3 b6 7. Bg2 Bb7 8. O-O a5 9. Rc1 d6 10. d5 e5 11. Nh4 Bc8 12. e4 Na6 13. Nb5 Bxd2 14. Qxd2 Bd7 15. Nc3 Nc5 16. b3 g6 1/2-1/2